 Dungeon Crawl Stone Soup version 0.31-a0-986-g5e6e4ef867 (webtiles) character file.

Game seed: 11253645529655195309

2399 Vomitron the Grappler (level 9, -13/85 HPs)
             Began as a Troll Shapeshifter on Nov 5, 2023.
             Mangled by an orc warrior
             ... wielding a +3 broad axe
              (19 damage)
             ... in a bailey.
             The game lasted 00:08:18 (5336 turns).

Vomitron the Grappler (Troll Shapeshifter)          Turns: 5336, Time: 00:08:19

Health: -13/85     AC:  5    Str: 26    XL:     9   Next: 23%
Magic:  8/8        EV:  9    Int:  6    God:
Gold:   433        SH:  0    Dex: 11    Spells: 8/8 levels left

rFire   . .          .
                       - Unarmed
rCold   . . .        (no shield)
rNeg    . . .        a - +1 animal skin
rPois   .            (helmet currently unavailable)
rElec   .            (cloak currently unavailable)
rCorr   .            (gloves unavailable)
SInv    .            (boots unavailable)
Will    .....        (no amulet)
Stlth   +            (no ring)
HPRegen 1.14/turn    (no ring)
MPRegen 0.11/turn

%: no passive effects
@: mighty, beast-form
A: beast (slay +4), large, unfitting armour, claws 3, regeneration 1, shaggy fur
1, tough skin 1
a: Begin Untransformation


You were in a bailey.
You were a hulking beast.
You visited 1 branch of the dungeon, and saw 7 of its levels.
You also visited: Sewer, Ossuary and Bailey.

You collected 433 gold pieces.

Inventory:

Missiles
 h - 19 poisoned darts
 t - a curare-tipped dart
Armour
 a - a +1 animal skin (worn)
Talismans
 c - a beast talisman
 d - a flux talisman
 w - a maw talisman
Wands
 z - a wand of mindburst (11)
 A - a wand of roots (3)
Scrolls
 e - 11 scrolls of teleportation
 f - a scroll of silence
 k - 3 scrolls of revelation
 l - a scroll of vulnerability
 m - 2 scrolls of amnesia
 q - 4 scrolls of enchant armour
 v - a scroll of identify
 x - a scroll of fog {unknown}
 y - 2 scrolls of blinking
 B - a scroll of fear {unknown}
Potions
 b - a potion of lignification
 g - 2 potions of might
 i - 2 potions of haste
 j - 4 potions of mutation
 n - 5 potions of curing
 o - a potion of magic {unknown}
 p - a potion of heal wounds {unknown}
 r - 2 potions of degeneration {unknown}
 s - 3 potions of brilliance {unknown}
 u - a potion of cancellation {unknown}
 C - 2 potions of invisibility {unknown}
 D - 3 potions of berserk rage {unknown}


   Skills:
 + Level 4.7 Fighting
 - Level 1.5 Dodging
 * Level 8.7 Unarmed Combat
 * Level 7.4 Shapeshifting


You had 8 spell levels left.
You didn't know any spells.
Your spell library was empty.

Dungeon Overview and Level Annotations

Branches:
Dungeon (7/15)              Sewer (visited)         Ossuary (visited)
 Bailey (1/1)
 Temple: D:4-7

Altars:
Ashenzari
Sif Muna


Innate Abilities, Weirdness & Mutations

You are a hulking beast.
Your limbs bulge with bestial killing power. (Slay +4)
You are too large for most types of armour.
You have claws for hands.
Your natural rate of healing is unusually fast.
You are covered in fur. (AC +1)
You have tough skin. (AC +1)


Message History

You barely miss the orc warrior.
The orc warrior is severely wounded.
The orc warrior hits you but does no damage.
The orc warrior hits you with a +0 battleaxe!
The orc warlord hits you with a +6 battleaxe!
Unknown command.
You pummel the orc warrior!!
You kill the orc warrior!
The orc warrior hits you with a +3 broad axe.
The orc warlord hits you with a +6 battleaxe!
Unknown command.
You barely miss the orc warlord.
The orc warlord is lightly wounded.
You pummel the orc warlord!!
The orc warlord is heavily wounded.
The orc warrior no longer looks unusually strong.
The orc warrior hits you with a +3 broad axe.
The orc warlord hits you but does no damage.
You smack the orc warlord!
The orc warlord is heavily wounded.
The orc warrior hits you but does no damage.
The orc warlord roars a battlecry!
The orc warrior goes into a battle-frenzy!
You barely miss the orc warlord. You punch the orc warlord!
The orc warlord is severely wounded.
You feel less wooden.
Your +1 animal skin unmelds from your body.
You turn into a hulking beast.
The orc warrior hits you with a +3 broad axe.
The orc warlord closely misses you.
You claw the orc warlord!
The orc warlord is severely wounded.
The orc warrior completely misses you.
The orc warlord hits you with a +6 battleaxe!!
* * * LOW HITPOINT WARNING * * *
Unknown command.
You scratch the orc warlord.
The orc warlord is severely wounded.
The orc warrior hits you with a +3 broad axe!!
You die...

##)#### ####'## ##.....##...
##...g.## #.......#....
#.......# ##.......##...
..##.......##
#.........#......g#....o....#
#.........###...###.........##
.....⌠.....###'###...g.⌠.....#
#.........##88g88##.g.......##
#.........#...goh.#.........#
##.......##....o).##.......##
#.......'.........')......#
##.....##.........##.....##
#######.....⌠.....#######
##.........## #.........#
##.......## #..)....#


You could see an orc warlord, an orc warrior (strong), a gnoll and a goblin.

Vanquished Creatures
  A steam dragon (D:5)
  A water moccasin (D:6)
  2 ice beasts
  8 orc warriors (Bailey)
  2 ogres
  A centaur (D:5)
  2 phantoms
  A kobold brigand (Sewer)
  A bullfrog (D:6)
  A jelly (D:5)
  3 hounds
  A human zombie (Ossuary)
  An orc priest (D:4)
  3 sleepcaps
  An orc wizard (D:7)
  4 mummies (Ossuary)
  8 gnolls
  A river rat (Sewer)
  8 adders
  An adder zombie (Ossuary)
  2 worms (Sewer)
  8 dart slugs
  27 orcs
  9 ball pythons
  3 bats
  9 endoplasms
  8 giant cockroaches
  A gnoll zombie (Ossuary)
  24 goblins
  21 hobgoblins
  11 kobolds
  5 quokkas
  2 frilled lizards (D:3)
  A goblin zombie (Ossuary)
  3 hobgoblin zombies (Ossuary)
  A kobold zombie (Ossuary)
  4 orc zombies (Ossuary)
  7 rats
197 creatures vanquished.

Notes
Turn   | Place    | Note
-------+----------+-------------------------------------------
     0 | D:1      | Vomitron the Troll Shapeshifter began the quest for the
                  | Orb.
     0 | D:1      | Reached XP level 1. HP: 18/18 MP: 0/0
    66 | D:1      | Reached skill level 1 in Fighting
   105 | D:1      | Reached XP level 2. HP: 27/27 MP: 1/1
   466 | D:1      | Reached XP level 3. HP: 33/33 MP: 2/2
  1015 | D:2      | Reached skill level 4 in Unarmed Combat
  1056 | D:2      | Reached XP level 4. HP: 40/41 MP: 3/3
  1691 | D:3      | Found a broken altar of Ashenzari.
  2316 | D:4      | Reached XP level 5. HP: 49/49 MP: 4/4
  2336 | D:4      | Reached skill level 5 in Unarmed Combat
  2385 | D:4      | Found a glowing drain.
  2390 | Sewer    | Entered a sewer
  2481 | Sewer    | Reached XP level 6. HP: 59/59 MP: 5/5
  3009 | D:5      | Entered Level 5 of the Dungeon
  3130 | D:5      | Reached XP level 7. HP: 43/66 MP: 6/6
  3234 | D:5      | Noticed a steam dragon
  3305 | D:5      | Reached skill level 6 in Unarmed Combat
  3439 | D:5      | Found a sand-covered staircase.
  3445 | Ossuary  | Entered an ossuary
  3584 | Ossuary  | Reached skill level 5 in Shapeshifting
  3964 | D:5      | Killed a steam dragon
  3965 | D:5      | Reached skill level 7 in Unarmed Combat
  3965 | D:5      | Reached XP level 8. HP: 67/76 MP: 7/7
  4276 | D:6      | Found a shimmering blue altar of Sif Muna.
  4886 | D:7      | Found a flagged portal.
  4901 | Bailey   | Entered a bailey
  4990 | Bailey   | Reached skill level 8 in Unarmed Combat
  5092 | Bailey   | Reached XP level 9. HP: 7/85 MP: 8/8
  5310 | Bailey   | Noticed an orc warlord
  5311 | Bailey   | Identified the +5 long sword of a wizard's laboratory
                  | {flame, Int+2}
  5336 | Bailey   | Mangled by an orc warrior

Illustrated notes

Levels and vault maps discovered:
D:1:      minmay_arrival_loop, layout_basic
D:2:      layout_basic
D:3:      layout_basic, ashenzari_conservatory_becter, minmay_unequal
D:4:      layout_rooms, gup_sewer_entry_bowl
D:5:      layout_basic, nicolae_ossuary_entry_plus
D:6:      layout_basic, kennysheep_little_box
D:7:      layout_cave_pods, minmay_temple_entry_tees, enter_bailey_4,
          serial_shops, nicolae_shop_tiny_real_fake_doors, shop_statue
Bailey:   bailey_axe_minmay_hex_keep, bailey

Skill      XL: |  1  2  3  4  5  6  7  8 |
---------------+-------------------------+-----
Fighting       | 1 2 3 4 |  4.7
Unarmed Combat | 4 5 7 8 |  8.7
Shapeshifting  | 4 5 7 |  7.4
Dodging        | |  1.5

Action                     |  1- 3 |  4- 6 |  7- 9 || total
---------------------------+-------+-------+-------++-------
  Melee: Unarmed           |    73 |   165 |   225 ||   463
         Punch             |       |     3 |     8 ||    11
    Use: Scroll            |       |     3 |    11 ||    14
         Potion            |       |       |     4 ||     4
 Armour: Animal skin       |    43 |    98 |   171 ||   312
         Skin              |       |       |    48 ||    48
  Dodge: Dodged            |    26 |    51 |   117 ||   194

Table legend: (Time is in decaauts)
 A = Elapsed time spent in this place.
 B = Non-inter-level travel time spent in this place.
 C = Inter-level travel time spent in this place.
 D = Time resting spent in this place.
 E = Time spent auto-exploring this place.
 F = Levels seen in this place.
 G = Mean time per level.
                   A        B        C        D        E       F      G
               +--------+--------+--------+--------+--------+-----+--------+
         Total |   5264 |   5093 |    171 |    328 |   3522 |  10 |  526.4 |
       Dungeon |   4428 |   4257 |    171 |    216 |   3225 |   7 |  632.6 |
         Sewer |    258 |    258 |      0 |      0 |    135 |   1 |  258.0 |
       Ossuary |    180 |    180 |      0 |      0 |    111 |   1 |  180.0 |
        Bailey |    398 |    398 |      0 |    112 |     51 |   1 |  398.0 |
               +--------+--------+--------+--------+--------+-----+--------+

Top non-repeatable levels by time:
     D:3: 924 daAuts
     D:5: 803 daAuts
     D:6: 796 daAuts
     D:2: 786 daAuts
     D:1: 587 daAuts
     D:4: 435 daAuts
  Bailey: 398 daAuts
   Sewer: 258 daAuts
 Ossuary: 180 daAuts
     D:7: 94 daAuts
